 Dungeon Crawl Stone Soup version 0.28-a0-883-gc8d7bad45d (webtiles) character file.

Game seed: 5106794935048769796

702 ders the Digger (level 7, -1/36 HPs)
             Began as a Gargoyle Earth Elementalist on Nov 21, 2021.
             Slain by a wyvern zombie (9 damage)
             ... on level 5 of the Dungeon.
             The game lasted 00:05:26 (4936 turns).

ders the Digger (Gargoyle Earth Elementalist)       Turns: 4936, Time: 00:05:27

Health: -1/36      AC:  6    Str: 12    XL:     7   Next: 66%
Magic:  4/12       EV: 12    Int: 17    God:
Gold:   166        SH:  0    Dex: 10    Spells: 9/13 levels left

rFire   + . .      SeeInvis .   s - staff of fire
rCold   . . .      Faith    .   (no shield)
rNeg    + + .      Spirit   .   b - +0 robe
rPois   ∞          Reflect  .   (no helmet)
rElec   +          Harm     .   (no cloak)
rCorr   .          Rampage  .   (no gloves)
Will    .....                   (no boots)
Stlth   +++.......              (no amulet)
HPRegen 0.12/turn               m - ring of positive energy
MPRegen 0.13/turn               (no ring)

@: studying Maces & Flails
A: sickness immunity, AC +4, negative energy resistance 1, electricity
resistance, torment resistance 1, petrification resistance
a: no special abilities


You were on level 5 of the Dungeon.
You visited 1 branch of the dungeon, and saw 5 of its levels.

You collected 166 gold pieces.

Inventory:

Hand Weapons
 o - a +2 flail of holy wrath
Missiles
 c - 48 stones
Armour
 b - a +0 robe (worn)
Magical Staves
 s - a staff of fire (weapon)
Jewellery
 m - a ring of positive energy (left hand)
 w - a +4 ring of evasion
Wands
 r - a wand of digging (6)
 u - a wand of acid (4)
Scrolls
 e - 2 scrolls of enchant weapon {unknown}
 f - 3 scrolls of identify {unknown}
 g - a scroll of vulnerability {unknown}
 h - a scroll of enchant armour {unknown}
 j - 4 scrolls of teleportation {unknown}
 q - a scroll of summoning {unknown}
 t - 2 scrolls of magic mapping {unknown}
Potions
 a - 2 potions of flight {unknown}
 d - a potion of invisibility {unknown}
 i - a potion of lignification {unknown}
 k - 2 potions of curing {unknown}
 l - 3 potions of berserk rage {unknown}
 n - a potion of might {unknown}
 p - a potion of heal wounds {unknown}
 v - 2 potions of attraction {unknown}


   Skills:
 + Level 3.3 Dodging
 + Level 4.7 Stealth
 + Level 3.8 Spellcasting
 + Level 3.0 Transmutations
 + Level 5.6 Earth Magic


You had 9 spell levels left.
You knew the following spells:

 Your Spells              Type           Power      Damage    Failure   Level
a - Sandblast             Erth           44%        2d11      1%          1
b - Stone Arrow           Conj/Erth      24%        3d8       16%         3

Your spell library contained the following spells:

 Spells                   Type           Power      Damage    Failure   Level
 Passwall                 Tmut/Erth      15%        N/A       4%          2
 Apportation              Tloc           6%         N/A       16%         1
 Petrify                  Tmut/Erth      18%        N/A       26%         4
 Alistair's Intoxication  Tmut/Pois      5%         N/A       94%         5


Dungeon Overview and Level Annotations

Branches:
Dungeon (5/15)
 Temple: D:4-7

Altars:
Kikubaaqudgha
Qazlal
Ru
The Shining One

Shops:
D:2 :


Innate Abilities, Weirdness & Mutations

You are immune to sickness and miasma.
Your stone body is resilient. (AC +4)
You are immune to poison.
You resist negative energy. (rN+)
You are resistant to electric shocks. (rElec)
You are resistant to unholy torment.
You are immune to petrification.


Message History

The wyvern zombie misses you.
Your Transmutations skill increases to level 3!
Unknown command.
Casting: Sandblast (safe; 1% risk of failure)
Confirm with . or Enter, or press ? or * to list all spells.
Aiming: Sandblast (safe; 1% risk of failure)
Press: ? - help, Shift-Dir - straight line, f - wyvern zombie
Aim: a wyvern zombie (93% to hit)
The blast of sand hits the wyvern zombie.
The wyvern zombie is lightly damaged.
The wyvern zombie completely misses you.
Unknown command.
Casting: Sandblast (safe; 1% risk of failure)
Confirm with . or Enter, or press ? or * to list all spells.
Aiming: Sandblast (safe; 1% risk of failure)
Press: ? - help, Shift-Dir - straight line, f/p - wyvern zombie
Aim: a wyvern zombie (lightly damaged, 93% to hit)
The blast of sand hits the wyvern zombie.
The wyvern zombie is moderately damaged.
The wyvern zombie closely misses you. The wyvern zombie bites you!
Unknown command.
Casting: Sandblast (safe; 1% risk of failure)
Confirm with . or Enter, or press ? or * to list all spells.
Aiming: Sandblast (safe; 1% risk of failure)
Press: ? - help, Shift-Dir - straight line, f/p - wyvern zombie
Aim: a wyvern zombie (moderately damaged, 93% to hit)
The blast of sand hits the wyvern zombie.
The wyvern zombie is moderately damaged.
The wyvern zombie bites you!
* * * LOW HITPOINT WARNING * * *
Unknown command.
Casting: Sandblast (safe; 1% risk of failure)
Confirm with . or Enter, or press ? or * to list all spells.
Aiming: Sandblast (safe; 1% risk of failure)
Press: ? - help, Shift-Dir - straight line, f/p - wyvern zombie
Aim: a wyvern zombie (moderately damaged, 93% to hit)
The blast of sand hits the wyvern zombie.
The wyvern zombie is heavily damaged.
The wyvern zombie bites you!
You die...

≈##.#.##.#
###.#.##.###≈≈..≈..≈⌠.≈.
#.#........#≈≈...≈.⌠≈..≈
#.######.###≈≈≈..≈..≈..≈
#.######.####≈≈≈..≈..≈≈.
#.........<.##.≈..≈.....
#........#####..≈≈......
...####### ##$.Z.......
...# #...@....... ##.#
#####.##..### #.#
#........## #.#
#.######## #.# #.# ##.#
#.# .#.####### #.#
.).......# #.#
.#######.# #.#


You could see a wyvern zombie.

Vanquished Creatures
  An ice beast (D:5)
  2 sky beasts (D:5)
  2 scorpions (D:5)
  A water moccasin skeleton (D:5)
  2 hounds (D:5)
  2 orc wizards (D:3)
  4 gnolls (D:4)
  7 adders
  An ufetubus (D:3)
  A dart slug (D:1)
  5 orcs (D:3)
  6 endoplasms
  3 giant cockroaches
  3 goblins
  2 hobgoblins
  3 jackals (D:1)
  A quokka (D:4)
  10 ball pythons
  5 bats
  3 frilled lizards
  6 kobolds
  5 rats
75 creatures vanquished.

Vanquished Creatures (others)
  12 fungi (D:5)
12 creatures vanquished.

Grand Total: 87 creatures vanquished

Notes
Turn   | Place    | Note
-------+----------+-------------------------------------------
     0 | D:1      | ders the Gargoyle Earth Elementalist began the quest for
                  | the Orb.
     0 | D:1      | Reached XP level 1. HP: 10/10 MP: 3/3
   159 | D:1      | Reached skill level 1 in Transmutations
   159 | D:1      | Reached XP level 2. HP: 4/15 MP: 0/5
   931 | D:1      | Reached XP level 3. HP: 14/19 MP: 2/6
  1004 | D:1      | Learned a level 3 spell: Stone Arrow
  1068 | D:2      | Reached skill level 4 in Earth Magic
  1097 | D:2      | Found an ancient bone altar of Kikubaaqudgha.
  1402 | D:2      | Found Viloddin's Book Shoppe.
  1475 | D:2      | Reached XP level 4. HP: 24/24 MP: 5/7
  1828 | D:3      | Found a glowing golden altar of the Shining One.
  2171 | D:3      | Found a faded altar of an unknown god.
  2171 | D:3      | Noticed a floating eye
  2184 | D:3      | Noticed an eye of devastation
  2184 | D:3      | Noticed an eye of devastation
  2184 | D:3      | Noticed a floating eye
  2439 | D:3      | Reached XP level 5. HP: 8/28 MP: 0/9
  3416 | D:4      | Found a sacrificial altar of Ru.
  3655 | D:4      | Found a stormy altar of Qazlal.
  4101 | D:5      | Entered Level 5 of the Dungeon
  4127 | D:5      | Reached XP level 6. HP: 32/32 MP: 6/10
  4277 | D:5      | Noticed a sky beast
  4281 | D:5      | Killed a sky beast
  4282 | D:5      | Reached skill level 5 in Earth Magic
  4321 | D:5      | Noticed an ice beast
  4340 | D:5      | Killed an ice beast
  4341 | D:5      | Reached XP level 7. HP: 19/36 MP: 0/12
  4936 | D:5      | Slain by a wyvern zombie

Illustrated notes

Levels and vault maps discovered:
D:1:      dpeg_arrival_rooms_with_view, layout_basic
D:2:      layout_loops_cross, basic_altar, serial_shops, nicolae_shop_stone
D:3:      layout_loops_ring, lemuel_doored_altar,
          hellmonk_ecumenical_altar_watching_god
D:4:      layout_gridville, chequers_temple_overflow_statue_of_worship
D:5:      cheibrodos_helix_gallery, layout_loops_ring,
          minmay_temple_entry_trees, serial_aquarium,
          aquarium_bridge_long_separate [aquarium_subvault_bridge,
          aquarium_subvault_bridge, aquarium_subvault_bridge,
          aquarium_subvault_window, aquarium_subvault_wall,
          aquarium_subvault_bridge], aquarium_bridge_square
          [aquarium_subvault_wall, aquarium_subvault_wall,
          aquarium_subvault_bridge, aquarium_subvault_window],
          aquarium_window_3, aquarium_window_fake, aquarium_view_2b,
          aquarium_view_2c, aquarium_pool_2, nicolae_figureground_sparkle,
          uniq_menkaure

Skill      XL: |  1  2  3  4  5  6  7 |
---------------+----------------------+-----
Transmutations | 1 2 3 |  3.0
Earth Magic    | 4 5 |  5.6
Dodging        | 2 3 |  3.3
Stealth        | 3 4 |  4.7
Spellcasting   | 3 |  3.8

Action                   |  1- 3 |  4- 6 |  7- 9 || total
-------------------------+-------+-------+-------++-------
Melee: Unarmed           |     3 |     8 |       ||    11
       Staff             |       |       |     9 ||     9
 Cast: Sandblast         |    41 |    81 |    22 ||   144
       Stone Arrow       |       |     1 |       ||     1
Armor: Robe              |     3 |    21 |    12 ||    36
Dodge: Dodged            |    14 |    27 |    17 ||    58

Table legend: (Time is in decaauts)
 A = Elapsed time spent in this place.
 B = Non-inter-level travel time spent in this place.
 C = Inter-level travel time spent in this place.
 D = Time resting spent in this place.
 E = Time spent auto-exploring this place.
 F = Levels seen in this place.
 G = Mean time per level.
                   A        B        C        D        E       F      G
               +--------+--------+--------+--------+--------+-----+--------+
         Total |   4938 |   4790 |    148 |   1510 |   2738 |   5 |  987.6 |
       Dungeon |   4938 |   4790 |    148 |   1510 |   2738 |   5 |  987.6 |
               +--------+--------+--------+--------+--------+-----+--------+

Top non-repeatable levels by time:
     D:2: 1174 daAuts
     D:3: 1062 daAuts
     D:1: 1052 daAuts
     D:5: 836 daAuts
     D:4: 813 daAuts
